 Dungeon Crawl Stone Soup version 0.27.1-33-g824d729ab1 (webtiles) character file.

Game seed: 4798361621828651241

496 potato4science the Grasshopper (level 6, -2/30 HPs)
             Began as a Spriggan Conjurer on Dec 27, 2021.
             Killed by divine providence
             ... invoked by an orc priest
              (14 damage)
             ... on level 5 of the Dungeon.
             The game lasted 00:44:11 (7694 turns).

potato4science the Grasshopper (Spriggan Conjurer)  Turns: 7694, Time: 00:44:12

Health: -2/30      AC:  2    Str:  5    XL:     6   Next: 93%
Magic:  9/14       EV: 16    Int: 19    God:
Gold:   161        SH:  5    Dex: 14    Spells: 8/15 levels left

rFire    . . .     SeeInvis +   u - +1 dagger (venom)
rCold    . . .     Faith    .   j - +0 buckler
rNeg     . . .     Spirit   .   a - +0 robe
rPois    .         Reflect  .   (helmet restricted)
rElec    .         Harm     .   (no cloak)
rCorr    .         Rampage  .   (gloves unavailable)
Will     ++...                  (boots unavailable)
Stlth    +++.......             (no amulet)
HPRegen  0.10/turn              x - ring of willpower
MPRegen  0.14/turn              (no ring)

@: very quick
A: very small, no large weapons, unfitting armour, see invisible, speed 3
a: no special abilities


You were on level 5 of the Dungeon.
You visited 1 branch of the dungeon, and saw 5 of its levels.

You collected 161 gold pieces.

Inventory:

Hand Weapons
 b - a +2 mace of protection
 g - a +0 dagger of draining
 u - a +1 dagger of venom (weapon)
Missiles
 e - 87 stones
 i - 46 sling bullets
 o - 46 arrows
 s - 10 poisoned darts
Armour
 a - a +0 robe (worn)
 j - a +0 buckler (worn)
Jewellery
 x - a ring of willpower (left hand)
Wands
 m - a wand of paralysis (7)
 p - a wand of mindburst (6)
 r - a wand of acid (10)
Scrolls
 c - 2 scrolls of fear
 n - a scroll of magic mapping {unknown}
 t - a scroll of noise {unknown}
 v - a scroll of identify {unknown}
 w - a scroll of amnesia {unknown}
Potions
 d - 2 potions of attraction {unknown}
 f - 3 potions of invisibility {unknown}
 h - a potion of cancellation {unknown}
 k - 2 potions of curing {unknown}
 l - a potion of magic {unknown}
 q - a potion of lignification {unknown}


   Skills:
 - Level 1.0 Fighting
 - Level 1.0 Armour
 - Level 3.0 Dodging
 - Level 4.0 Stealth
 - Level 1.0 Shields
 - Level 5.0 Spellcasting
 - Level 3.0 Conjurations
 + Level 7.4 Translocations


You had 8 spell levels left.
You knew the following spells:

 Your Spells              Type           Power      Damage    Failure   Level
a - Magic Dart            Conj           64%        1d6       5%          1
b - Searing Ray           Conj           32%        3d4       9%          2
c - Iskenderun's Mystic   Conj/Tloc      24%        2d7       22%         4

Your spell library contained the following spells:

 Spells                   Type           Power      Damage    Failure   Level
 Dazzling Flash           Conj/Hex       20%        N/A       30%         3
 Summon Guardian Golem    Hex/Summ       4%         N/A       50%         3
 Fulminant Prism          Conj/Hex       5%         3d7       71%         4
 Orb of Destruction       Conj           8%         9d4       100%        7
 Spellforged Servitor     Conj/Summ      5%         N/A       100%        7


Dungeon Overview and Level Annotations

Branches:
Dungeon (5/15)
 Temple: D:4-7

Altars:
Hepliaklqana

Shops:
D:2 =   D:3 !

Annotations:
D:3 necrop
D:4 Menkaure


Innate Abilities, Weirdness & Mutations

You are very small and have problems with some larger weapons.
You are too small for most types of armour.
You have supernaturally acute eyesight. (SInv)
You cover ground extremely quickly. (Speed+++)


Message History

x - a ring of willpower (left hand)
An orc priest is nearby!
An orc priest is nearby!
An orc priest is nearby!
The magic dart hits the orc priest.
The orc priest is lightly wounded.
The orc priest shouts!
You hear a shout!
The orc priest invokes the aid of Beogh against you.
You resist with almost no effort.
The magic dart hits the orc priest but does no damage.
The orc priest is lightly wounded.
Unknown command.
You start resting.
An orc priest is nearby!
Casting: Magic Dart (safe; 5% risk of failure)
Confirm with . or Enter, or press ? or * to list all spells.
Aiming: Searing Ray (safe; 9% risk of failure)
Press: ? - help, Shift-Dir - straight line, f/p - orc priest
Aim: an orc priest, wielding a +0 club and wearing a +0 chain mail (lightly wounded, 84% to hit)
The searing ray hits the orc priest but does no damage.
The orc priest is lightly wounded. (Press . to maintain the ray.)
The searing ray hits the orc priest but does no damage.
The orc priest is lightly wounded.
The orc priest hits you with a +0 club.
The searing ray hits the orc priest.
The orc priest is heavily wounded.
The orc priest invokes the aid of Beogh against you.
Beogh smites you!
The searing ray hits the orc priest but does no damage.
The orc priest is heavily wounded.
You finish channeling your searing ray.
The orc priest hits you with a +0 club.
Things that are here:
a +0 leather armour; a +0 whip; a +0 dagger
There is a stone staircase leading down here.
The orc priest invokes the aid of Beogh against you.
You resist with almost no effort.
The orc priest mumbles some strange prayers to Beogh against you.
Beogh smites you!
You die...

..........# ##.. ....##
.##....#..# #... .....
..##......## #.... ....
..##.###...## #.... ^..
...#.##.....######.... ..
##..........<.........##.
###.).#........####.....##
##..#.#........##### #..#####
##.##.#.........@..#####o....#
##.#..#........###....##.....#
.#...##........# ####.>o)....#
.#..###..####### ####.....#
....###..#...# #.....#
.....##..#[..# #.....#
#..#.........# #.....#
#######.##...# #.....#
####...# #######


You could see an orc priest.

Vanquished Creatures
  An ogre (D:5)
  A kobold brigand (D:4)
  A bullfrog skeleton (D:4)
  An orc priest (D:4)
  Jessica (D:3)
  An iguana (D:5)
  2 orc wizards
  4 gnolls (D:4)
  3 adders (D:2)
  A white imp (D:5)
  2 worms
  3 dart slugs
  11 orcs
  7 ball pythons
  5 bats
  6 endoplasms
  2 giant cockroaches
  7 goblins
  3 hobgoblins
  7 jackals
  2 quokkas (D:2)
  2 frilled lizards
  12 kobolds
  4 rats
89 creatures vanquished.

Notes
Turn   | Place    | Note
-------+----------+-------------------------------------------
     0 | D:1      | potato4science the Spriggan Conjurer began the quest for
                  | the Orb.
     0 | D:1      | Reached XP level 1. HP: 9/9 MP: 5/5
   369 | D:1      | Reached skill level 1 in Fighting
   380 | D:1      | Reached XP level 2. HP: 14/14 MP: 0/7
   383 | D:1      | Learned a level 2 spell: Searing Ray
   973 | D:1      | Found a faded altar of an unknown god.
  1119 | D:1      | Reached skill level 1 in Armour
  1470 | D:2      | Found Tushauwn's Jewellery Boutique.
  1728 | D:2      | Reached skill level 1 in Shields
  1728 | D:2      | Reached XP level 3. HP: 18/18 MP: 4/8
  3019 | D:2      | Found Tushauwn's Jewellery Boutique.
  3284 | D:3      | Found Voseitig's Distillery.
  3323 | D:3      | Reached XP level 4. HP: 22/22 MP: 1/10
  3328 | D:3      | Learned a level 4 spell: Iskenderun's Mystic Blast
  3491 | D:3      | Noticed Jessica
  3498 | D:3      | Killed Jessica
  3581 | D:3      | Reached skill level 1 in Translocations
  3608 | D:3      | Noticed a necrophage
  3985 | D:3      | Reached skill level 2 in Translocations
  4698 | D:4      | Noticed Menkaure
  4821 | D:4      | Reached skill level 3 in Translocations
  4821 | D:4      | Reached XP level 5. HP: 25/25 MP: 5/12
  5099 | D:4      | Reached skill level 4 in Translocations
  5299 | D:4      | Reached skill level 5 in Translocations
  5892 | D:4      | Reached skill level 6 in Translocations
  5892 | D:4      | Reached XP level 6. HP: 30/30 MP: 7/13
  6420 | D:5      | Entered Level 5 of the Dungeon
  6980 | D:5      | Reached skill level 7 in Translocations
  7445 | D:5      | Found a hazy altar of Hepliaklqana.
  7540 | D:5      | Reached skill level 5 in Spellcasting
  7694 | D:5      | Killed from afar by an orc priest

Illustrated notes

Levels and vault maps discovered:
D:1:      nagdon_arrival_zigzag_paths, layout_loops_corners,
          basic_ecumenical_altar
D:2:      layout_loops_cross, serial_shops, nicolae_shop_trees
D:3:      layout_loops_ring, serial_shops, nicolae_diamond_shop,
          grunt_ministairs_3, uniq_jessica
D:4:      layout_basic, kennysheep_path_1, nrook_mini_vaults, st_stairs_7,
          uniq_menkaure
D:5:      layout_rooms, nicolae_overflow_hidden_temple, lemuel_tele_altar

Skill      XL: |  1  2  3  4  5  6 |
---------------+-------------------+-----
Spellcasting   | 3 4 5 |  5.0
Conjurations   | 3 |  3.0
Fighting       | 1 |  1.0
Armour         | 1 |  1.0
Shields        | 1 |  1.0
Stealth        | 4 |  4.0
Dodging        | 3 |  3.0
Translocations | 3 6 7 |  7.4

Action                   |  1- 3 |  4- 6 || total
-------------------------+-------+-------++-------
Melee: Mace              |     1 |       ||     1
 Cast: Magic Dart        |   103 |   135 ||   238
       Searing Ray       |     2 |    18 ||    20
  Use: Scroll            |       |     6 ||     6
Dodge: Dodged            |     2 |    11 ||    13
Block: Buckler           |       |     5 ||     5
